 Dungeon Crawl Stone Soup version 0.27.1-34-g3ba077fa99 (webtiles) character file.

Game seed: 4615809726822820813

21 fishdoom the Magician (level 3, -2/23 (25) HPs)
             Began as a Djinni Fire Elementalist on Jan 27, 2022.
             Killed by a bolt of negative energy (16 damage)
             ... invoked by the anger of Yredelemnul
             ... on level 1 of the Dungeon.
             The game lasted 00:04:28 (1057 turns).

fishdoom the Magician (Djinni Fire Elementalist)    Turns: 1057, Time: 00:04:28

HP:   -2/23 (25)    AC:  2    Str:  8    XL:     3   Next: 2%
Gold: 27            EV: 12    Int: 16    God:
                    SH:  0    Dex: 13

rFire    + + .     SeeInvis .   (no weapon)
rCold    x . .     Faith    .   (no shield)
rNeg     . . .     Spirit   .   a - +0 robe
rPois    ∞         Reflect  .   (no helmet)
rElec    .         Harm     .   (no cloak)
rCorr    .         Rampage  .   (no gloves)
Will     .....                  (boots unavailable)
Stlth    ++........             (no amulet)
HPRegen  0.07/turn              (no ring)
MPRegen  0.00/turn              (no ring)

@: flying, drained
A: sickness immunity, fire resistance 2, cold vulnerability 1, float, innate
caster, hp casting, extra vitality 1
a: no special abilities


You were on level 1 of the Dungeon.
You visited 1 branch of the dungeon, and saw 1 of its levels.

You collected 27 gold pieces.

Inventory:

Armour
 a - a +0 robe (worn)
Potions
 b - a potion of flight {unknown}


   Skills:
 + Level 2.4 Dodging
 - Level 1.5 Stealth
 * Level 3.0 Spellcasting


You couldn't memorise any spells.
You knew the following spells:

 Your Spells              Type           Power      Damage    Failure   Level
a - Foxfire               Conj/Fire      48%        2x1d6     5%          1
b - Conjure Flame         Conj/Fire      12%        6-21      16%         3
c - Inner Flame           Hex/Fire       12%        N/A       16%         3
d - Sticky Flame          Conj/Fire      12%        2d4       45%         4
e - Fireball              Conj/Fire      6%         3d5       82%         5
f - Shock                 Conj/Air       48%        1d6       5%          1
Your spell library was empty.

Dungeon Overview and Level Annotations

Branches:
Dungeon (1/15)

Altars:
Yredelemnul


Innate Abilities, Weirdness & Mutations

You are immune to sickness and miasma.
You are immune to poison.
Your flesh is very heat resistant. (rF++)
You are vulnerable to cold. (rC-)
You float through the air rather than walking.
You learn spells naturally, not from books.
Your magical power is your life essence.
You have superior vitality. (+4 HP)


Message History

The endoplasm quivers.
Casting: Foxfire (safe; 5% risk of failure)
Confirm with . or Enter, or press ? or * to list all spells.
You conjure some foxfire!
The endoplasm jiggles.
The endoplasm hits you.
The foxfire hits the endoplasm.
The endoplasm is heavily wounded.
The foxfire hits the endoplasm.
The endoplasm is almost dead.
Casting: Foxfire (safe; 5% risk of failure)
Confirm with . or Enter, or press ? or * to list all spells.
You miscast Foxfire.
You are very lightly contaminated with residual magic.
Nothing appears to happen.
The endoplasm freezes you.
You are frozen.
You feel a terrible chill!
Unknown command.
Casting: Foxfire (safe; 5% risk of failure)
Confirm with . or Enter, or press ? or * to list all spells.
You conjure some foxfire!
The endoplasm freezes you.
You are frozen.
You feel a terrible chill!
The foxfire hits the endoplasm.
You kill the endoplasm!
You have reached level 3!
Your experience leads to an increase in your attributes!
Increase (S)trength, (I)ntelligence, or (D)exterity?
You feel stronger.
The power to cast Shock wells up from within.
Spell assigned to 'f'.
You start resting.
Your foxfire dissipates!
You start resting.
Your magical contamination has completely faded away.
You start resting.
Yredelemnul's anger turns toward you for a moment.
The bolt of negative energy hits you!
You feel drained.
Ouch! That really hurt!
You die...

.)#.......##.# #.#
..#.##.#####.# #.#
..†....#####.########.#
...).........##.......#
###.#####.............#
#.## #.............#
#..# #.............#
####.# #.............#
#.)..# #.......@.....#
#.#..# #...........>.#
#.#.....####.....###.##
.>#.....# #####.# #.#
######..# #......##.#
..#.....# #.###..##.#
#.#.###.#### #..##.#
##### #.#.........
......# #....
#...###.###. ...####
#####.###


You could see the anger of Yredelemnul (unaware).

Vanquished Creatures
  5 endoplasms (D:1)
  A giant cockroach (D:1)
  3 goblins (D:1)
  3 hobgoblins (D:1)
  2 ball pythons (D:1)
  A frilled lizard (D:1)
  3 rats (D:1)
18 creatures vanquished.

Vanquished Creatures (others)
  48 foxfires (D:1)
48 creatures vanquished.

Grand Total: 66 creatures vanquished

Notes
Turn   | Place    | Note
-------+----------+-------------------------------------------
     0 | D:1      | fishdoom the Djinni Fire Elementalist began the quest for
                  | the Orb.
     0 | D:1      | Reached XP level 1. HP: 15/15 MP: 0/0
   252 | D:1      | Reached XP level 2. HP: 20/21 MP: 0/0
   361 | D:1      | Found a faded altar of an unknown god.
   368 | D:1      | Became a worshipper of Yredelemnul the Dark
   368 | D:1      | Reached * piety under Yredelemnul
   369 | D:1      | Fell from the grace of Yredelemnul
   912 | D:1      | Reached skill level 3 in Spellcasting
   995 | D:1      | Reached XP level 3. HP: 9/25 MP: 0/0
   995 | D:1      | Learned a level 1 spell: Shock
  1057 | D:1      | Killed by a bolt of negative energy

Illustrated notes

Levels and vault maps discovered:
D:1:      evilmike_arrival_fibonacci_small, layout_loops_cross,
          dilly_ecumenical_altar_fadedgnrine, hex_large

Skill      XL: |  1  2 |
---------------+-------+-----
Spellcasting   | 3 |  3.0
Dodging        | |  2.4
Stealth        | |  1.5

Action                   || total
-------------------------++-------
 Cast: Foxfire           ||    28
Invok: Renounce Religion ||     1
Armor: Robe              ||     1
Dodge: Dodged            ||     4
